 Dungeon Crawl Stone Soup version 0.27.1-33-g824d729ab1 (webtiles) character file.

Game seed: 1258509981156501352

90 croobank the Insei (level 4, -2/28 HPs)
             Began as an Octopode Transmuter on Nov 28, 2021.
             Slain by a hound (5 damage)
             ... on level 3 of the Dungeon.
             The game lasted 00:13:32 (3383 turns).

croobank the Insei (Octopode Transmuter)            Turns: 3383, Time: 00:13:32

Health: -2/28      AC:  1    Str: 10    XL:     4   Next: 56%
Magic:  3/8        EV: 13    Int: 15    God:
Gold:   234        SH:  0    Dex: 12    Spells: 2/8 levels left

rFire    + . .     SeeInvis .   d - +0 hand axe
rCold    x . .     Faith    +   (no shield)
rNeg     . . .     Spirit   .   (helmet restricted)
rPois    .         Reflect  .   m - amulet of faith
rElec    .         Harm     .   o - ring of fire
rCorr    .         Rampage  .   (no ring)
Will     .....                  (no ring)
Stlth    ++........             (no ring)
HPRegen  0.09/turn              (no ring)
MPRegen  0.11/turn              (no ring)
                                (no ring)
                                (no ring)

@: very slightly contaminated
A: almost no armour, amphibious, 8 rings, camouflage 1, gelatinous body 1,
(nimble swimmer 1), tentacles
a: no special abilities


You were on level 3 of the Dungeon.
You visited 1 branch of the dungeon, and saw 4 of its levels.

You collected 234 gold pieces.

Inventory:

Hand Weapons
 d - a +0 hand axe (weapon)
 f - a +0 dagger
 j - a +0 short sword
 n - a +0 falchion
 q - a +0 spear
Missiles
 b - 122 stones
 i - 9 boomerangs (quivered)
 u - 21 poisoned darts
 v - 20 arrows
Jewellery
 m - an amulet of faith (around mantle)
 o - a ring of fire (left tentacle)
Scrolls
 g - 3 scrolls of enchant weapon {unknown}
 h - 3 scrolls of teleportation
 l - a scroll of immolation {unknown}
 r - a scroll of fear {unknown}
 w - a scroll of torment {unknown}
Potions
 a - a potion of resistance
 e - a potion of cancellation
 k - a potion of haste {unknown}
 p - a potion of flight {unknown}
 s - a potion of degeneration {unknown}
 t - a potion of might {unknown}


   Skills:
 - Level 1.0 Fighting
 - Level 2.0 Axes
 - Level 2.0 Dodging
 - Level 3.0 Unarmed Combat
 * Level 2.9 Spellcasting
 * Level 2.8 Transmutations
 * Level 1.3 Poison Magic


You had 2 spell levels left.
You knew the following spells:

 Your Spells              Type           Power      Damage    Failure   Level
a - Beastly Appendage     Tmut           20%        N/A       6%          1
b - Wereblood             Tmut           10%        N/A       10%         2
c - Spider Form           Tmut/Pois      4%         N/A       26%         3

Your spell library contained the following spells:

 Spells                   Type           Power      Damage    Failure   Level
 Ice Form                 Ice/Tmut       6%         N/A       75%         4
 Iskenderun's Mystic Bla  Conj/Tloc      2%         2d3       90%         4
 Fireball                 Conj/Fire      1%         3d3       99%         5
 Iskenderun's Battlesphe  Conj           2%         2d6       99%         5
 Conjure Ball Lightning   Conj/Air       1%         3x3d6     100%        6
 Orb of Destruction       Conj           1%         N/A       100%        7
 Shatter                  Erth           1%         3d5*      100%        9


Dungeon Overview and Level Annotations

Branches:
Dungeon (4/15)
 Temple: D:4-7

Altars:
Sif Muna
Xom


Innate Abilities, Weirdness & Mutations

You cannot wear most types of armour.
You are amphibious.
You can wear up to eight rings at the same time.
Your skin changes colour to match your surroundings (Stealth+).
Your rubbery body absorbs attacks. (AC +1, EV +1)
((You are camouflaged near water. (Stealth+)))
You have tentacles for arms and can constrict up to eight enemies at once.


Message History

The hobgoblin closely misses you. The orc closely misses you.
You bite the orc!
You kill the orc!
The orc barely misses you. The hobgoblin hits you. The orc barely misses you.
You hit the hobgoblin.
You kill the hobgoblin!
The orc hits you with a +0 dagger. The orc misses you.
You hit the adder skeleton.
The adder skeleton is heavily damaged.
The adder skeleton bites you. The orc hits you with a +0 dagger.
The orc misses you.
You bite the adder skeleton!
The adder skeleton is almost destroyed.
The hound stops to sniff the ground.
The orc closely misses you. The orc hits you but does no damage.
The hound closely misses you. The orc completely misses you.
The orc barely misses you.
You climb upwards.
Your transformation has ended.
Your +0 hand axe unmelds from your body.
There is a stone staircase leading down here.
You hit the hound. Your grab misses the hound. You tentacle-slap the hound.
The hound is moderately wounded.
You hit the orc. x2; The hound bites you.
The orc closely misses you. The orc hits you with a +0 club.
The hound bites you.
* * * LOW HITPOINT WARNING * * *
You closely miss the orc. You grab the orc. You squeeze the orc.
You kill the orc!
You hit the hound but do no damage. You hit the orc but do no damage.
The hound closely misses you. The orc completely misses you.
The hound bites you.
* * * LOW HITPOINT WARNING * * *
You feel much better. The orc misses you. The hound bites you.
* * * LOW HITPOINT WARNING * * *
You hit the orc but do no damage. You grab the orc.
The orc is moderately wounded.
You hit the hound. You constrict the orc. The hound bites you.
* * * LOW HITPOINT WARNING * * *
The orc closely misses you. The hound bites you.
You die...

##.#.....# #.#...##.#
##.....#.###.#......#
.#.#..[#.....##.....#
.................##.#
######..............#
##...##..........<#.#
#.....##.....#......#
.......#.##....h..###
.......#.......o@)###
.......#............#
#.....##..........###
##...###.##......####
###'####.##.........#
.......#.##.....#####
.............##..^_#
.......#.###.#######
###'####.# #.#


You could see a hound and an orc.

Vanquished Creatures
  4 dart slugs
  6 orcs
  6 ball pythons
  3 bats
  4 endoplasms
  7 giant cockroaches
  5 goblins (D:2)
  9 hobgoblins
  2 jackals (D:2)
  5 kobolds
  4 quokkas
  5 frilled lizards
  8 rats
68 creatures vanquished.

Vanquished Creatures (others)
  5 dream sheep (D:3)
  A plant (D:1)
6 creatures vanquished.

Grand Total: 74 creatures vanquished

Notes
Turn   | Place    | Note
-------+----------+-------------------------------------------
     0 | D:1      | croobank the Octopode Transmuter began the quest for the
                  | Orb.
     0 | D:1      | Reached XP level 1. HP: 13/13 MP: 3/3
   336 | D:1      | Reached skill level 1 in Axes
   348 | D:1      | Reached XP level 2. HP: 16/18 MP: 3/5
   387 | D:1      | Learned a level 2 spell: Wereblood
   959 | D:2      | Reached XP level 3. HP: 21/23 MP: 4/6
  1837 | D:2      | Reached skill level 1 in Poison Magic
  2005 | D:2      | Learned a level 3 spell: Spider Form
  2099 | D:2      | Reached XP level 4. HP: 28/28 MP: 1/7
  2554 | D:3      | Found a shimmering blue altar of Sif Muna.
  2712 | D:3      | Noticed a dream sheep
  2712 | D:3      | Noticed a dream sheep
  2712 | D:3      | Noticed a dream sheep
  2712 | D:3      | Noticed a dream sheep
  2712 | D:3      | Noticed a dream sheep
  2712 | D:3      | Found a shimmering altar of Xom.
  2717 | D:3      | Killed a dream sheep
  2717 | D:3      | Killed a dream sheep
  2717 | D:3      | Killed a dream sheep
  2717 | D:3      | Killed a dream sheep
  2718 | D:3      | Killed a dream sheep
  2825 | D:3      | Found a faded altar of an unknown god.
  3171 | D:3      | Got Cann's Papyrus of the Mountains and Combat Magic
  3383 | D:3      | Slain by a hound

Illustrated notes

Levels and vault maps discovered:
D:1:      mushboom_english_gardens, layout_basic, amcnicky_mini_pool_small,
          chequers_avenue, hangedman_decor_diamond_cutter, serial_bayou_lake_a
D:2:      layout_loops_ring, minmay_fractal_squares_5
D:3:      kennysheep_six_static_rooms, layout_basic, kb_xom_exploding_sheep,
          pf_just_have_faith, hellmonk_ecumenical_altar_leap_of_faith,
          eino_tiny_chamber
D:4:      layout_rooms, chequers_ossuary_entry_cave, roderic_batcave,
          minmay_misc_feat_enclosed

Skill      XL: |  1  2  3 |
---------------+----------+-----
Axes           | 1 2 |  2.0
Poison Magic   | 1 |  1.3
Fighting       | |  1.0
Dodging        | |  2.0
Unarmed Combat | |  3.0
Spellcasting   | |  2.9
Transmutations | |  2.8

Action                   |  1- 3 |  4- 6 || total
-------------------------+-------+-------++-------
Melee: Hand axe          |    69 |    31 ||   100
       Unarmed           |     9 |    12 ||    21
       Constrict         |    21 |    11 ||    32
       Kick              |    11 |     9 ||    20
       Tentacles         |    12 |     5 ||    17
       Punch             |     3 |     1 ||     4
 Cast: Beastly Appendage |    18 |    13 ||    31
       Spider Form       |     1 |     2 ||     3
       Wereblood         |       |     1 ||     1
  Use: Scroll            |     2 |     2 ||     4
       Potion            |     1 |     1 ||     2
 Stab: Sleeping          |     3 |     1 ||     4
Armor: Skin              |     3 |     3 ||     6
Dodge: Dodged            |    53 |    40 ||    93
